 Dungeon Crawl Stone Soup version 0.28.0-45-g0d030f2227 (webtiles) character file.

Game seed: 2243892036230408563

103 101zpm the Chiller (level 4, 0/34 HPs)
             Began as a Draconian Ice Elementalist on Apr 18, 2022.
             Slain by a quokka (2 damage)
             ... on level 4 of the Dungeon.
             The game lasted 00:05:18 (3818 turns).

101zpm the Chiller (Draconian Ice Elementalist)     Turns: 3818, Time: 00:05:19

Health: 0/34       AC:  5    Str: 10    XL:     4   Next: 51%
Magic:  8/8        EV: 12    Int: 18    God:
Gold:   91         SH:  0    Dex: 11    Spells: 7/8 levels left

rFire   . . .      SeeInvis .   c - +0 short sword (holy)
rCold   . . .      Faith    .   (no shield)
rNeg    . . .      Spirit   .   (armour unavailable)
rPois   .          Reflect  .   (helmet restricted)
rElec   .          Harm     .   (no cloak)
rCorr   .          Rampage  .   (no gloves)
Will    .....                   (no boots)
Stlth   ++........              (no amulet)
HPRegen 0.11/turn               (no ring)
MPRegen 0.11/turn               (no ring)

@: no status effects
A: AC +5, unfitting armour, cold-blooded
a: no special abilities


You were on level 4 of the Dungeon.
You visited 1 branch of the dungeon, and saw 4 of its levels.

You collected 91 gold pieces.

Inventory:

Hand Weapons
 c - a +0 short sword of holy wrath (weapon)
Missiles
 h - 29 sling bullets
 i - 6 javelins
 m - 60 stones
Jewellery
 p - a +6 ring of dexterity
Wands
 o - a wand of digging (8)
Scrolls
 d - a scroll of amnesia {unknown}
 e - a scroll of enchant armour {unknown}
 k - a scroll of teleportation {unknown}
 l - a scroll of identify {unknown}
 q - a scroll of magic mapping {unknown}
Potions
 a - a potion of lignification {unknown}
 b - a potion of degeneration {unknown}
 f - 2 potions of ambrosia {unknown}
 g - a potion of magic {unknown}
 j - 2 potions of haste {unknown}
 n - a potion of attraction {unknown}


   Skills:
 + Level 0.7 Fighting
 + Level 0.5 Short Blades
 + Level 2.1 Dodging
 + Level 2.1 Stealth
 + Level 0.3 Unarmed Combat
 + Level 2.8 Spellcasting
 + Level 4.9 Ice Magic


You had 7 spell levels left.
You knew the following spells:

 Your Spells              Type           Power      Damage    Failure   Level
a - Freeze                Ice            80%        1d9       2%          1

Your spell library contained the following spells:

 Spells                   Type           Power      Damage    Failure   Level
 Frozen Ramparts          Ice            40%        1d6       7%          3
 Ozocubu's Armour         Ice            20%        N/A       7%          3
 Hailstorm                Conj/Ice       11%        3d5       52%         4


Dungeon Overview and Level Annotations

Branches:
Dungeon (4/15)
 Temple: D:4-7

Altars:
Gozag

Shops:
D:1 [   D:2 [


Innate Abilities, Weirdness & Mutations

Your plain brown scales are hard. (AC +5)
You cannot fit into any form of body armour.
You are cold-blooded and may be slowed by cold attacks.


Message History

Found a jewelled ivory wand.
Found a stone staircase leading up.
Found 14 stones, a ring mail and a scroll labelled SUONOXTUSS.
The giant cockroach barely misses you.
An orc comes into view. It is wielding a +0 whip.
A hobgoblin comes into view.
The hobgoblin shouts!
The orc shouts!
The giant cockroach bites you.
* * * LOW HITPOINT WARNING * * *
A black bear comes into view.
You hear a shout!
An orc comes into view. It is wielding a +0 short sword.
The giant cockroach bites you but does no damage.
The giant cockroach barely misses you.
The giant cockroach bites you but does no damage.
You see here a wand of mindburst (20).
The gnoll shouts!
An orc and a water moccasin skeleton come into view.
The orc shouts!
The orc completely misses you.
The water moccasin skeleton moves out of view.
A gnoll shaman comes into view. It is wielding a +0 whip.
The giant cockroach waves its antennae.
A quokka comes into view.
An orc comes into view. It is wielding a +0 club.
The gnoll hits you but does no damage.
A gnoll comes into view. It is wielding a +0 whip.
The gnoll shaman shouts!
The gnoll shouts!
You hear a shout!
The gnoll hits you with a +0 whip.
* * * LOW HITPOINT WARNING * * *
The giant cockroach bites you but does no damage.
The water moccasin skeleton bites you.
* * * LOW HITPOINT WARNING * * *
The gnoll shaman barely misses you.
The water moccasin skeleton completely misses you.
Found a pink potion.
You hear the slow rusting of a very distant drain.
The water moccasin skeleton bites you.
* * * LOW HITPOINT WARNING * * *
The quokka bites you.
You die...

... #!.##.....
##...#....# ###
#.........# #.####
.#.....##..####....####
........g?...#../...#.##
#......g..[..g...##....#
#....r#g#B#o.........#
.#....@#g.oSo.o...#..(.
....... ......##[...##.#
....# .
...).........#.#...
#....


You could see a gnoll shaman, 2 gnolls, a quokka, a giant cockroach and a water
moccasin skeleton.

Vanquished Creatures
  5 adders
  2 dart slugs (D:1)
  An orc (D:3)
  6 bats
  4 endoplasms
  2 giant cockroaches
  7 hobgoblins
  3 jackals (D:1)
  2 quokkas
  6 ball pythons
  3 frilled lizards
  5 goblins
  3 kobolds
  6 rats
55 creatures vanquished.

Vanquished Creatures (others)
  23 plants (D:3)
23 creatures vanquished.

Grand Total: 78 creatures vanquished

Notes
Turn   | Place    | Note
-------+----------+-------------------------------------------
     0 | D:1      | 101zpm the Draconian Ice Elementalist began the quest for
                  | the Orb.
     0 | D:1      | Reached XP level 1. HP: 14/14 MP: 3/3
   112 | D:1      | Reached XP level 2. HP: 12/20 MP: 3/5
   884 | D:1      | Reached XP level 3. HP: 24/26 MP: 6/6
   958 | D:1      | Found Uqoops's Antique Armour Shop.
  1305 | D:2      | Found an opulent altar of Gozag.
  1354 | D:2      | Found Jaesta's Antique Armour Shoppe.
  1380 | D:2      | Found a faded altar of an unknown god.
  2849 | D:3      | Reached XP level 4. HP: 23/34 MP: 8/8
  3768 | D:3      | You fall into a shaft and drop 1 floor!
  3801 | D:4      | Noticed a black bear
  3818 | D:4      | Slain by a quokka

Illustrated notes

Levels and vault maps discovered:
D:1:      matt_arrival_refuge, layout_rooms, serial_shops, shop
D:2:      layout_loops_corners, basic_altar,
          hellmonk_ecumenical_altar_heavens_door, serial_shops, shop,
          skrybe_limestone_x
D:3:      layout_rooms, serial_bayou, serial_bayou_pond_e, serial_bayou_lake_a,
          serial_bayou_lagoon_a, serial_bayou_pond_b
D:4:      layout_cave_pools, gup_sewer_entry_glass, serial_shops,
          nicolae_shop_hallway_plus

Skill      XL: |  1  2  3  4 |
---------------+-------------+-----
Stealth        | 2 |  2.1
Dodging        | 2 |  2.1
Fighting       | |  0.7
Short Blades   | |  0.5
Unarmed Combat | |  0.3
Spellcasting   | |  2.8
Ice Magic      | |  4.9

Action                   |  1- 3 |  4- 6 || total
-------------------------+-------+-------++-------
Melee: Unarmed           |    43 |       ||    43
       Tailslap          |    10 |    16 ||    26
       Short sword       |    93 |    86 ||   179
       Punch             |     1 |       ||     1
 Cast: Freeze            |    31 |       ||    31
 Stab: Sleeping          |     2 |       ||     2
Armor: Skin              |    59 |    48 ||   107
Dodge: Dodged            |   100 |    91 ||   191
